Map: Ulrena

Players

Johndoo

  • Race: Zerg Zerg

capac - Winner!

  • Race: Terran Terran
  • League: Gold

VOD

Have the link to the VOD?

Description

Time

  • Played on: April 18, 2016, 1:56 p.m.
  • Length: 18:43
Show
View Real Time Build Order
Export as new Build Order

Johndoo Zerg 

Build Orders: Pool First, Muta Ling Bane 

Get SALT Encoding   

  12  0:01  Drone  
  13  0:13  Overlord  
  13  0:20  Drone  
  14  0:36  Spawning Pool  
  14  0:39  Drone  
  14  0:41  Drone  
  15  0:45  Drone  
  16  0:58  Extractor, Drone  
  16  1:17  Hatchery  
  15  1:20  Drone  
  16  1:25  Zergling x2  
  16  1:26  Zergling x2  
  18  1:39  Queen  
  18  1:44  Overlord  
  20  1:52  Drone  
  21  1:56  Drone  
  22  2:15  Queen  
  24  2:32  Metabolic Boost  
  24  2:34  Drone  
  24  2:35  Drone x3  
  28  2:43  Zergling x2  
  29  2:45  Queen  
  29  2:51  Overlord  
  31  3:07  Drone x3  
  31  3:08  Drone x2  
  31  3:09  Overlord  
  36  3:18  Extractor  
  35  3:39  Drone x4  
  35  3:40  Baneling Nest  
  38  3:47  Zergling x10  
  42  4:00  Drone x5  
  45  4:25  Extractor  
  44  4:33  Lair  
  44  4:45  Zergling x8  
  47  4:46  Zergling x4  
  47  4:49  Hatchery  
  49  5:04  Hatchery  
  48  5:10  Spore Crawler  
  47  5:23  Drone x4  
  47  5:24  Overlord x4, Extractor  
  50  5:34  Evolution Chamber  
  50  5:35  Spire, Evolution Chamber  
  47  5:36  Drone  
  47  5:37  Drone x3  
  48  5:57  Drone x5  
  48  5:58  Drone x3  
  56  6:13  Zerg Ground Armor Level 1  
  56  6:14  Zerg Melee Weapons Level 1  
  56  6:15  Centrifical Hooks  
  56  6:22  Spore Crawler  
  55  6:25  Queen  
  57  6:39  Drone x6  
  63  6:42  Queen  
  65  6:48  Overseer  
  65  6:50  Baneling  
  65  6:51  Baneling  
  65  6:52  Baneling x3  
  64  7:05  Drone  
  64  7:06  Extractor, Drone x6  
  64  7:07  Extractor, Drone x2  
  71  7:11  Zerg Flyer Armor Level 1  
  71  7:20  Zergling x14  
  75  7:34  Overlord x3  
  75  7:35  Overlord  
  75  7:39  Mutalisk x3  
  81  7:46  Drone x5  
  86  8:01  Mutalisk x3  
  86  8:02  Mutalisk x3  
  98  8:09  Zerg Melee Weapons Level 2  
  98  8:14  Infestation Pit  
  97  8:29  Baneling x4  
  97  8:30  Zergling x2, Baneling x5  
  97  8:31  Zergling x10  
  97  8:32  Zergling x14  
  97  8:33  Zergling x8  
  114  8:49  Baneling x2  
  114  8:50  Baneling x2  
  114  8:52  Baneling  
  114  8:59  Baneling x4  
  99  9:36  Hatchery  
  98  9:42  Extractor  
  95  9:48  Queen x3  
  101  10:00  Hatchery  
  93  10:23  Queen  
  93  10:25  Hive  
  93  10:27  Zerg Flyer Armor Level 2  
  95  10:43  Zerg Ground Armor Level 2  
  95  10:52  Hatchery  
  94  10:57  Drone  
  94  10:58  Drone x7  
  94  10:59  Drone x6  
  106  11:46  Queen  
  108  11:47  Spine Crawler, Spore Crawler  
  108  11:49  Drone x7  
  108  11:50  Overlord x5, Drone  
  113  11:55  Overlord, Corruptor x5  
  113  11:56  Corruptor x5  
  133  12:05  Spine Crawler, Drone x2, Spore Crawler  
  133  12:06  Spine Crawler, Drone x5  
  137  12:13  Spore Crawler x2  
  135  12:16  Queen  
  135  12:17  Overlord  
  135  12:18  Overlord x2  
  137  12:29  Zerg Melee Weapons Level 3  
  137  12:32  Ultralisk Cavern  
  136  12:49  Spore Crawler  
  136  12:50  Spine Crawler  
  134  12:52  Spine Crawler  
  121  13:26  Extractor  
  120  13:29  Extractor  
  120  13:30  Spore Crawler  
  120  13:33  Spore Crawler  
  117  13:38  Ultralisk  
  117  13:39  Spine Crawler, Ultralisk x7  
  117  13:40  Spine Crawler, Zergling x6  
  117  13:41  Zergling x2  
  167  13:46  Baneling x6  
  167  13:47  Baneling  
  100  14:39  Zergling x12  
  100  14:40  Zergling x14  
  100  14:41  Zergling x2  
  103  14:50  Zergling x2  
  103  14:51  Zergling x8  
  103  14:52  Ultralisk x5  
  118  15:13  Baneling  
  118  15:14  Baneling x5  
  115  15:24  Spine Crawler  
  115  15:26  Spine Crawler, Zergling x2, Spore Crawler  
  115  15:27  Spine Crawler, Zergling x14  
  115  15:28  Zergling x6  
  113  15:36  Corruptor x2  
  113  15:37  Corruptor  
  82  16:03  Queen  
  81  16:04  Zergling x2  
  81  16:05  Zergling x14  
  81  16:06  Zergling x4  
  67  16:34  Corruptor x5  
  67  16:35  Corruptor  
  62  17:06  Spine Crawler  
  57  17:19  Zergling x8  
  57  17:20  Zergling x16  
  57  17:21  Zergling x2  
  43  17:53  Zergling x12  
  46  18:03  Hatchery  
  46  18:05  Zergling x4  
Show
View Real Time Build Order
Export as new Build Order

capac Terran - Winner!

Build Orders: Reaper Expand, MMM Bio 

Get SALT Encoding   

  12  0:00  SCV  
  13  0:12  SCV  
  14  0:18  Supply Depot  
  14  0:24  SCV  
  15  0:40  SCV  
  15  0:42  Barracks  
  16  0:46  Refinery  
  16  0:53  SCV  
  17  1:05  SCV  
  18  1:17  SCV  
  19  1:30  Reaper  
  20  1:32  Orbital Command  
  20  1:46  Command Center  
  20  2:03  Supply Depot  
  20  2:05  Marine  
  20  2:06  Barracks  
  20  2:30  Marine  
  20  2:34  SCV  
  22  2:39  Refinery  
  22  2:40  Factory  
  22  2:47  SCV  
  22  2:51  Marine  
  24  2:54  Barracks Tech Lab  
  24  2:59  SCV  
  25  3:11  SCV  
  26  3:15  Stimpack  
  26  3:17  Barracks Reactor  
  26  3:20  Orbital Command  
  26  3:23  SCV  
  26  3:24  Factory Tech Lab, Bunker  
  27  3:32  Marine  
  28  3:47  SCV  
  29  3:50  Marine  
  29  3:52  Siege Tank  
  33  3:56  Starport  
  33  3:59  SCV x2  
  35  4:05  Marine x2  
  37  4:15  Supply Depot  
  37  4:24  SCV x2  
  39  4:25  Marine x2  
  39  4:26  Marine  
  42  4:36  Starport Reactor  
  42  4:37  Engineering Bay, Siege Tank  
  45  4:40  SCV x2  
  45  4:43  Marine  
  48  4:48  Supply Depot  
  48  4:52  SCV x2  
  50  5:10  Command Center  
  50  5:18  Marine x3  
  50  5:21  Combat Shields  
  53  5:23  SCV x2  
  55  5:35  Medivac  
  55  5:36  Marine x2, Medivac  
  60  5:46  Supply Depot  
  60  5:47  Supply Depot, SCV x2  
  62  6:05  Supply Depot  
  62  6:07  Marine x3  
  62  6:08  Siege Tank, SCV x2  
  70  6:20  SCV  
  70  6:21  SCV  
  70  6:25  Marine x2  
  72  6:29  Marine  
  75  6:36  Barracks  
  75  6:37  Barracks, Liberator  
  75  6:39  SCV x2  
  77  6:41  Refinery  
  77  6:42  Refinery, Barracks  
  77  6:43  Marine x2  
  79  6:50  Marine, Missile Turret  
  80  7:01  Marine  
  83  7:03  Marine  
  83  7:08  Marine  
  86  7:09  SCV x2  
  88  7:19  Marine  
  88  7:21  Marine  
  90  7:25  Marine  
  82  7:36  Marine  
  83  7:47  Starport  
  83  7:48  Starport  
  83  7:49  Barracks, Barracks Reactor x2  
  83  7:50  Liberator x2, Barracks Reactor  
  83  7:52  Supply Depot, Marine x2  
  85  8:05  Marine  
  86  8:09  SCV x2  
  86  8:10  Marine x2  
  96  8:14  Missile Turret  
  96  8:16  Supply Depot  
  96  8:17  Supply Depot  
  96  8:21  Missile Turret  
  96  8:23  Siege Tank  
  99  8:27  Starport Reactor, Starport Tech Lab  
  99  8:33  Fusion Core  
  99  8:39  Orbital Command  
  99  8:43  SCV x2  
  99  8:44  Liberator  
  101  8:58  Marine x3  
  101  8:59  Marine x3  
  98  9:33  Liberator x4  
  91  9:46  Marine  
  91  9:47  Marine x8  
  91  9:52  SCV x3  
  111  10:01  Missile Turret  
  111  10:03  Liberator  
  111  10:04  SCV x2  
  105  10:13  SCV  
  105  10:16  Liberator, SCV x2  
  105  10:18  Marine x7  
  105  10:19  Marine  
  118  10:28  Supply Depot  
  118  10:29  Advanced Ballistics  
  121  10:38  Marine x4  
  125  10:49  Marine x2  
  130  10:50  SCV x3  
  130  10:54  Supply Depot  
  130  10:58  Barracks Reactor  
  130  11:02  Supply Depot  
  130  11:05  Medivac  
  132  11:13  Supply Depot  
  132  11:16  Medivac x2  
  132  11:18  Supply Depot, Medivac  
  138  11:21  Marine x2  
  138  11:22  Marine  
  138  11:24  Marine x5  
  146  11:27  Supply Depot  
  146  11:31  Liberator x3  
  146  11:41  SCV x2  
  146  11:42  SCV, Missile Turret  
  146  11:44  Marine x3  
  146  11:45  Marine x6  
  146  11:46  Marine  
  159  11:53  Engineering Bay  
  168  11:55  Armory  
  168  11:56  SCV x2  
  168  11:57  Terran Infantry Weapons Level 1  
  170  12:01  Refinery  
  170  12:04  Refinery  
  170  12:18  Marine  
  170  12:19  Marine x2  
  173  12:25  Supply Depot  
  173  12:27  Supply Depot  
  173  12:30  Supply Depot  
  173  12:31  Liberator  
  173  12:34  Liberator x3  
  173  12:38  Missile Turret  
  173  12:43  Supply Depot  
  173  12:46  Marine x8  
  173  12:48  Marine x3  
  196  13:04  Marine  
  196  13:05  Marine x3  
  200  13:07  Missile Turret  
  200  13:08  Marine  
  195  13:40  Medivac x2  
  198  14:34  Liberator x3  
  198  14:35  Liberator  
  161  14:49  Marine x6  
  161  14:50  Marine x3  
  162  15:08  Marine x5  
  162  15:09  Marine x2  
  159  15:28  Marine x6  
  149  15:29  Marine x2  
  144  15:51  Marine x2  
  144  15:52  Marine x5  
  135  16:32  Marine x5  
  136  16:33  Marine  
  127  17:50  Marine x2  
  127  17:51  Marine x7  
  129  17:52  Marine  
  135  18:20  Marine x2  
  135  18:21  Marine x5  
  141  18:35  Supply Depot  
Tags
 
Add a new tag
Caveats
  • Supply blocks, unpowered buildings, or Contaminate may cause inaccurate times.
  • Supply counts are checked every 10 seconds.